 Dungeon Crawl Stone Soup version 0.21.1 (webtiles) character file.

417 RUSTLEDJIMMIES the Ruffian (level 6, -23/52 HPs)
             Began as a Ghoul Monk on Feb 5, 2018.
             Was a Believer of Kikubaaqudgha.
             Annihilated by an ogre
             ... wielding a +0 giant spiked club
              (28 damage)
             ... on level 5 of the Dungeon.
             The game lasted 00:33:24 (4345 turns).

RUSTLEDJIMMIES the Ruffian (Ghoul Monk)             Turns: 4345, Time: 00:33:25

Health: -23/52     AC:  3    Str: 13 (15) XL:     6   Next: 92%
Magic:  5/5        EV: 13    Int:  1 (6)  God:    Kikubaaqudgha [**....]
Gold:   185        SH:  0    Dex: 11 (12) Spells: 4/5 levels left

rFire    . . .     SeeInvis .     - Unarmed
rCold    + . .     Gourm    +   (no shield)
rNeg     + + +     Faith    .   k - +0 leather armour
rPois    ∞         Spirit   .   (no helmet)
rElec    .         Reflect  .   (no cloak)
rCorr    .         Harm     .   (no gloves)
MR       .....                  (no boots)
Stlth    ++........             f - amulet of the gourmand
HPRegen  0.00/turn              d - ring of wizardry
MPRegen  0.09/turn              (no ring)

@: rotting
A: rotting body, claws 1, carnivore, cold resistance 1, negative energy
resistance 3, inhibited regeneration, torment resistance, unbreathing
a: Receive Corpses, Renounce Religion


You were on level 5 of the Dungeon.
You worshipped Kikubaaqudgha.
Kikubaaqudgha was pleased with you.
You were not hungry.

You visited 2 branches of the dungeon, and saw 6 of its levels.

You collected 185 gold pieces.

Inventory:

Missiles
 o - 9 tomahawks (quivered)
Armour
 k - a +0 leather armour (worn)
Jewellery
 d - a ring of wizardry (left claw)
 f - an amulet of the gourmand (around neck)
Scrolls
 a - a scroll of enchant armour
 g - 3 scrolls of remove curse
 h - a scroll of magic mapping
 j - a scroll of immolation
 m - 5 scrolls of identify
 t - 2 scrolls of blinking
Potions
 c - a potion of lignification
 e - a potion of heal wounds {unknown}
 n - a potion of mutation
Books
 i - Kikubaaqudgha's Papyrus of Unholy Rites
   (Kikubaaqudgha gifted it to you in the Ecumenical Temple)

   Spells                             Type                      Level
   a - Animate Skeleton               Necromancy                   1
   b - Pain                           Necromancy                   1
   c - Corpse Rot                     Necromancy                   2
   d - Regeneration                   Charms/Necromancy            3
Comestibles
 b - 7 rations


   Skills:
 + Level 4.2 Fighting
 + Level 0.8 Armour
 + Level 4.0 Dodging
 + Level 3.5 Stealth
 + Level 6.1 Unarmed Combat


You had 4 spell levels left.
You knew the following spells:

 Your Spells              Type           Power        Failure   Level  Hunger
a - Animate Skeleton      Necr           N/A          32%         1    ##.....


Dungeon Overview and Level Annotations

Branches:
Dungeon (5/15)             Temple (1/1) D:4

Altars:
Ashenzari
Cheibriados
Elyvilon
Fedhas
Gozag
Hepliaklqana
Kikubaaqudgha
Makhleb
Nemelex Xobeh
Okawaru
Qazlal
Ru
Sif Muna
Trog
Vehumet
Wu Jian
Xom
Zin
The Shining One

Annotations:
D:3 khargal's ghost, amateur DsCK


Innate Abilities, Weirdness & Mutations

Your body is rotting away.
You thrive on raw meat.
You are immune to poison.
You have sharp fingernails.
You are carnivorous and can eat meat at any time.
Your flesh is cold resistant. (rC+)
You are immune to negative energy. (rN+++)
You do not regenerate when monsters are visible.
You are immune to unholy pain and torment.
You can survive without breathing.


Message History

The ogre hits you with a giant spiked club!
A scorpion comes into view.
You barely miss the ogre. The ogre barely misses you.
You claw the ogre!
The ogre is heavily wounded.
You scratch the ogre but do no damage.
The ogre is heavily wounded.
The ogre misses you.
You claw the ogre! x2
The ogre is almost dead.
You barely miss the ogre.
The ogre is almost dead.
The ogre hits you with a giant spiked club!!
Ouch! That really hurt!
* * * LOW HITPOINT WARNING * * *
You feel better.
The ogre hits you with a giant spiked club!!
Ouch! That really hurt!
You die...
Kikubaaqudgha rasps: "You have failed me!
Welcome... oblivion!"

#.
#........#
#.
##.##.....
#. #..#
....
#.##.## ...
###..# ##
##.## #Z.#
##O##
#.@.###
#.....###
##.......##
#.........#
##.......##
##......##
#.......#
##.....##
##..###


You could see an ogre and an adder zombie.

Vanquished Creatures
  An ogre (D:5)
  A crimson imp (D:5)
  An orc priest (D:3)
  Ijyb (D:3)
  2 worker ants
  A hound skeleton (D:4)
  A worker ant zombie (D:5)
  4 gnolls (D:2)
  3 adders
  A howler monkey skeleton (D:4)
  An ooze (D:1)
  6 worms
  A dart slug (D:1)
  A leopard gecko (D:4)
  8 orcs (D:3)
  13 bats
  A giant cockroach (D:4)
  7 goblins
  5 hobgoblins
  4 jackals (D:3)
  2 ball pythons
  3 frilled lizards
  10 kobolds
  3 rats
81 creatures vanquished.

Vanquished Creatures (others)
  A wizard (D:3)
1 creature vanquished.

Grand Total: 82 creatures vanquished

Notes
Turn   | Place    | Note
-------+----------+-------------------------------------------
     0 | D:1      | RUSTLEDJIMMIES the Ghoul Monk began the quest for the Orb.
     0 | D:1      | Reached XP level 1. HP: 19/19 MP: 0/0
   122 | D:1      | Reached XP level 2. HP: 23/26 MP: 1/1
   407 | D:1      | Reached XP level 3. HP: 33/33 MP: 2/2
  1180 | D:2      | Reached skill level 4 in Unarmed Combat
  1375 | D:2      | Reached XP level 4. HP: 36/40 MP: 3/3
  1913 | D:3      | Found a bloodstained altar of Trog.
  1914 | D:3      | Noticed a wizard
  1922 | D:3      | Killed a wizard
  2039 | D:3      | Reached XP level 5. HP: 46/46 MP: 4/4
  2093 | D:3      | Noticed khargal's ghost (amateur DsCK)
  2122 | D:3      | Found a glowing golden altar of the Shining One.
  2157 | D:3      | Found a white marble altar of Elyvilon.
  2157 | D:3      | Found a radiant altar of Vehumet.
  2247 | D:3      | Reached skill level 5 in Unarmed Combat
  2344 | D:3      | Found a snail-covered altar of Cheibriados.
  2563 | D:3      | Noticed Ijyb
  2701 | D:3      | Lost intelligence.
  2882 | D:3      | Killed Ijyb
  3288 | D:4      | Reached XP level 6. HP: 43/52 MP: 5/5
  3358 | D:4      | Found a staircase to the Ecumenical Temple.
  3382 | Temple   | Entered the Ecumenical Temple
  4048 | Temple   | Became a worshipper of Kikubaaqudgha
  4048 | Temple   | Reached * piety under Kikubaaqudgha
  4048 | Temple   | Identified Kikubaaqudgha's Papyrus of Unholy Rites (Kikubaaqudgha gifted it to you in the Ecumenical Temple)
  4048 | Temple   | Received a gift from Kikubaaqudgha
  4048 | Temple   | Reached ** piety under Kikubaaqudgha
  4053 | Temple   | Learned a level 1 spell: Animate Skeleton
  4115 | D:5      | Entered Level 5 of the Dungeon
  4239 | D:5      | Reached skill level 6 in Unarmed Combat
  4344 | D:5      | HP: 1/47 [ogre/giant spiked club (30)]
  4345 | D:5      | Annihilated by an ogre

Skill      XL: |  1  2  3  4  5  6 |
---------------+-------------------+-----
Dodging        | 3 4 |  4.0
Unarmed Combat | 4 5 6 |  6.1
Fighting       | 4 |  4.2
Stealth        | 3 |  3.5
Armour         | |  0.8

Action                   |  1- 3 |  4- 6 || total
-------------------------+-------+-------++-------
Melee: Unarmed           |    96 |   201 ||   297
       Punch             |     3 |     6 ||     9
  Use: Scroll            |     1 |     7 ||     8
       Potion            |       |    11 ||    11
 Stab: Sleeping          |     4 |     5 ||     9
  Eat: Chunk             |     4 |     8 ||    12
       Ration            |       |     2 ||     2
Armor: Robe              |     8 |    26 ||    34
       Leather armour    |       |     5 ||     5
Dodge: Dodged            |    40 |   125 ||   165
